Map: Кровавое диско РВ

Players

IIIIIIIIIIII - Winner!

  • Race: Protoss Protoss
  • League: Grandmaster
  • Spawn Location: 9:00

IIIIIII

  • Race: Zerg Zerg
  • League: Master
  • Spawn Location: 3:00

VOD

Have the link to the VOD?

Description

Time

  • Played on: Nov. 15, 2019, 9:30 a.m.
  • Length: 6:51
Show
View Real Time Build Order
Export as new Build Order

IIIIIIIIIIII Protoss - Winner!

Build Orders: 1 Gate Expand, Phoenix Opening 

Get SALT Encoding   

  12  0:01  Probe  
  13  0:13  Probe  
  14  0:18  Pylon  
  14  0:25  Probe (Chrono Boost)  
  15  0:37  Probe (Chrono Boost)  
  15  0:38  Gateway  
  16  0:44  Probe (Chrono Boost)  
  16  0:47  Assimilator  
  17  0:51  Probe  
  18  1:03  Probe  
  19  1:16  Probe  
  20  1:23  Nexus  
  20  1:36  Cybernetics Core  
  20  1:38  Probe  
  21  1:43  Assimilator  
  21  1:50  Probe  
  21  1:53  Pylon  
  22  2:02  Probe  
  23  2:09  Adept (Chrono Boost)  
  23  2:14  Probe (Chrono Boost)  
  27  2:23  Probe (Chrono Boost)  
  27  2:24  Stargate  
  27  2:29  Probe (Chrono Boost)  
  27  2:32  Adept  
  30  2:39  Probe (Chrono Boost)  
  30  2:41  Warp Gate  
  32  2:46  Probe (Chrono Boost)  
  32  2:49  Probe (Chrono Boost)  
  33  2:53  Probe (Chrono Boost)  
  33  2:54  Probe (Chrono Boost)  
  35  3:05  Probe  
  36  3:06  Probe  
  36  3:07  Phoenix  
  39  3:15  Pylon  
  39  3:17  Probe  
  39  3:18  Probe  
  41  3:26  Twilight Council  
  41  3:29  Probe  
  41  3:30  Probe  
  41  3:32  Assimilator  
  43  3:34  Assimilator  
  43  3:36  Phoenix  
  43  3:41  Probe  
  46  3:42  Pylon  
  46  3:54  Probe x2  
  48  3:59  Robotics Facility  
  48  4:03  Gateway  
  48  4:07  Resonating Glaives (Chrono Boost)  
  48  4:11  Gateway x2  
  48  4:12  Probe  
  49  4:19  Gateway  
  49  4:20  Gateway  
  49  4:32  Gateway x2  
  49  4:42  Adept  
  49  4:44  Warp Prism (Chrono Boost)  
  55  5:00  Pylon  
  55  5:10  Adept x2  
  55  5:11  Adept  
  55  5:14  Nexus  
  59  5:15  Pylon  
  59  5:33  Adept x6  
  59  5:34  Adept  
  73  5:39  Pylon  
  69  6:06  Adept x8  
  75  6:29  Probe x2  
  75  6:30  Probe  
Show
View Real Time Build Order
Export as new Build Order

IIIIIII Zerg 

Build Orders: Hatch First 

Get SALT Encoding   

  12  0:01  Drone  
  13  0:13  Overlord  
  13  0:25  Drone  
  14  0:33  Drone  
  15  0:45  Hatchery  
  15  0:49  Drone  
  15  0:52  Drone  
  16  0:57  Drone  
  16  1:03  Extractor  
  16  1:13  Spawning Pool  
  16  1:16  Drone  
  16  1:20  Drone  
  17  1:29  Drone  
  18  1:41  Drone  
  19  1:52  Drone  
  20  2:00  Queen x2  
  20  2:01  Zergling x2  
  25  2:02  Zergling x2  
  25  2:07  Metabolic Boost  
  26  2:13  Drone  
  26  2:15  Drone  
  28  2:27  Overlord  
  28  2:41  Pneumatized Carapace, Hatchery  
  27  2:44  Drone  
  27  2:46  Drone  
  29  2:51  Drone x2  
  29  2:56  Overlord  
  31  3:00  Zergling x2  
  32  3:06  Drone x2  
  32  3:10  Drone  
  32  3:11  Drone  
  36  3:15  Queen  
  38  3:20  Drone x2  
  40  3:27  Drone x3  
  40  3:30  Overlord  
  43  3:35  Overlord  
  43  3:37  Overlord  
  43  3:48  Queen  
  43  3:49  Overlord  
  43  3:50  Drone x2  
  43  3:53  Spore Crawler  
  46  3:57  Drone  
  46  3:58  Spore Crawler  
  46  4:01  Drone x2  
  46  4:02  Drone  
  49  4:07  Drone x2  
  51  4:10  Zergling x2  
  51  4:13  Queen  
  51  4:14  Drone  
  55  4:18  Drone  
  55  4:21  Drone, Spore Crawler  
  56  4:27  Drone x3  
  56  4:29  Roach Warren  
  58  4:36  Drone x2  
  58  4:37  Drone, Lair  
  61  4:41  Extractor x2  
  61  4:43  Drone x3  
  62  4:51  Drone x2  
  62  4:52  Drone  
  65  4:58  Drone x3  
  67  5:01  Overlord x2  
  67  5:09  Overlord x3  
  67  5:17  Spore Crawler  
  67  5:18  Overlord x2  
  67  5:20  Roach x4  
  74  5:27  Evolution Chamber x2  
  72  5:29  Roach x2  
  72  5:30  Roach x2  
  80  5:43  Roach x2  
  80  5:44  Roach  
  80  5:49  Evolution Chamber  
  81  5:54  Roach x5  
  89  6:01  Drone x2  
  88  6:07  Roach x4  
  88  6:12  Extractor x2  
  88  6:15  Drone x3  
  88  6:18  Drone x3  
  80  6:28  Drone x2  
Tags
 
Add a new tag
Caveats
  • Supply blocks, unpowered buildings, or Contaminate may cause inaccurate times.
  • Supply counts are checked every 10 seconds.